 Dungeon Crawl Stone Soup version 0.27-a0-1188-g73eefd5def (webtiles) character file.

Game seed: 3620400499913572024

25 Harga the Sneak (level 3, -1/28 HPs)
             Began as a Barachi Brigand on May 22, 2021.
             Splashed by a jelly's acid (4 damage)
             ... on level 2 of the Dungeon.
             The game lasted 00:06:07 (1344 turns).

Harga the Sneak (Barachi Brigand)                   Turns: 1344, Time: 00:06:07

Health: -1/28      AC: -5    Str: 13    XL:     3   Next: 4%
Magic:  3/3        EV: 12    Int: 11    God:
Gold:   42         SH:  0    Dex: 19    Spells: 2/2 levels left

rFire    . . .     SeeInvis .   a - +2 dagger
rCold    . . .     Faith    .   (no shield)
rNeg     . . .     Spirit   .   b - +0 robe
rPois    .         Reflect  .   (no helmet)
rElec    .         Harm     .   c - +0 cloak
rCorr    .         Rampage  .   (no gloves)
Will     .....                  (no boots)
Stlth    +++.......             (no amulet)
HPRegen  0.09/turn              j - +6 ring of dexterity
MPRegen  0.08/turn              (no ring)

@: corroded, slow
A: amphibious, slowness 1, strong legs 1, +LOS
a: Hop


You were on level 2 of the Dungeon.
You visited 1 branch of the dungeon, and saw 2 of its levels.

You collected 42 gold pieces.

Inventory:

Hand Weapons
 a - a +2 dagger (weapon)
Missiles
 d - 8 poisoned darts (quivered)
 e - 2 curare-tipped darts
Armour
 b - a +0 robe (worn)
 c - a +0 cloak (worn)
Jewellery
 j - a +6 ring of dexterity (left hand)
Scrolls
 f - a scroll of teleportation {unknown}
 g - a scroll of amnesia {unknown}
 i - a scroll of immolation {unknown}
Potions
 h - a potion of curing {unknown}
 k - a potion of invisibility {unknown}


   Skills:
 + Level 2.9 Fighting
 - Level 2.1(2.3) Short Blades
 + Level 1.3(2.1) Long Blades
 + Level 2.4 Throwing
 + Level 1.7 Dodging
 - Level 3.6 Stealth


You had 2 spell levels left.
You didn't know any spells.
Your spell library was empty.

Dungeon Overview and Level Annotations

Branches:
Dungeon (2/15)

Altars:


Innate Abilities, Weirdness & Mutations

You are amphibious.
You cover ground slowly.
You can hop short distances.
You have an extended range of vision and can be seen from far away.


Message History

You hit the kobold but do no damage.
The kobold is severely wounded.
The bat hits you but does no damage.
The kobold hits you with a +0 short sword.
You hit the kobold but do no damage.
The kobold is severely wounded.
The bat barely misses you.
The kobold hits you with a +0 short sword.
You hit the kobold.
You kill the kobold!
The bat hits you but does no damage. The bat closely misses you.
The bat barely misses you.
You hit the bat.
You kill the bat!
You have reached level 3!
Your experience leads to an increase in your attributes!
Your base attributes are Str 12, Int 11, Dex 13.
Increase (S)trength, (I)ntelligence, or (D)exterity?
You feel stronger.
A rat is nearby!
A jelly comes into view.
A rat is nearby!
The rat twitches its whiskers.
You hit the rat.
The rat is moderately wounded.
The rat barely misses you.
You hit the rat.
You kill the rat!
You start resting.
A jelly is nearby!
You hit the jelly. The acid corrodes you!
Your hands burn!
The jelly is lightly wounded.
The jelly hits you. The acid corrodes you!
You are splashed with acid!
You hit the jelly but do no damage.
Your hands burn!
The jelly is lightly wounded.
The jelly hits you. The acid corrodes you!
You are splashed with acid!
* * * LOW HITPOINT WARNING * * *
You hit the jelly but do no damage.
Your hands burn!
You die...

...♣...# .≈.≈≈♣..
≈.J≈P... #####
≈.≈≈≈≈≈≈.≈P. #...
≈r≈≈≈≈≈≈...#######.###.#
.≈≈≈≈≈≈...............#
≈≈≈.≈≈...#######.##### #
......#.#######.#####.##
#.#.#....J@.............
##...#.#.>..........##.##
#.....>.......)...#.#
##.####.#########..#
#...........# .#
######.####.# #
#.####.#####
#####...........
#########.....####.#####


You could see a jelly.

Vanquished Creatures
  3 bats
  2 endoplasms
  3 goblins
  2 hobgoblins (D:1)
  4 kobolds
  2 quokkas (D:1)
  3 ball pythons
  2 rats (D:2)
21 creatures vanquished.

Vanquished Creatures (others)
  A plant (D:2)
1 creature vanquished.

Grand Total: 22 creatures vanquished

Notes
Turn   | Place    | Note
-------+----------+-------------------------------------------
     0 | D:1      | Harga the Barachi Brigand began the quest for the Orb.
     0 | D:1      | Reached XP level 1. HP: 17/17 MP: 1/1
   153 | D:1      | Reached XP level 2. HP: 3/23 MP: 2/2
   587 | D:1      | Reached skill level 1 in Long Blades
  1265 | D:2      | Reached XP level 3. HP: 18/28 MP: 3/3
  1344 | D:2      | Splashed by a jelly's acid

Illustrated notes

Levels and vault maps discovered:
D:1:      elethiomel_arrival_infinity_welcomes_careful_drivers, layout_basic
D:2:      layout_basic, basic_altar, ebering_ecumenical_altar_abandoned,
          serial_bayou_pond_b

Skill      XL: |  1  2 |
---------------+-------+-----
Long Blades    | 1 |  1.3
Fighting       | |  2.9
Short Blades   | |  2.1
Throwing       | |  2.4
Dodging        | |  1.7
Stealth        | |  3.6

Action                   || total
-------------------------++-------
Melee: Dagger            ||    55
 Stab: Sleeping          ||     3
Armor: Robe              ||    14
Dodge: Dodged            ||    27

Table legend: (Time is in decaauts)
 A = Elapsed time spent in this place.
 B = Non-inter-level travel time spent in this place.
 C = Inter-level travel time spent in this place.
 D = Time resting spent in this place.
 E = Time spent auto-exploring this place.
 F = Levels seen in this place.
 G = Mean time per level.
                   A        B        C        D        E       F      G
               +--------+--------+--------+--------+--------+-----+--------+
         Total |   1509 |   1509 |      0 |    303 |    691 |   2 |  754.5 |
       Dungeon |   1509 |   1509 |      0 |    303 |    691 |   2 |  754.5 |
               +--------+--------+--------+--------+--------+-----+--------+

Top non-repeatable levels by time:
     D:1: 1213 daAuts
     D:2: 296 daAuts
